 Dungeon Crawl Stone Soup version 0.31-a0-620-gd1cbd99268 (webtiles) character file.

Game seed: 15205688616186142810

339 Mickster the Chopper (level 6, -1/56 HPs)
             Began as a Hill Orc Berserker on Aug 23, 2023.
             Was a Priest of Trog.
             Slain by Pikel
             ... wielding a +0 whip of flaming
              (9 damage)
             ... on level 4 of the Dungeon.
             The game lasted 00:17:57 (2620 turns).

Mickster the Chopper (Hill Orc Berserker)           Turns: 2620, Time: 00:17:57

Health: -1/56      AC: 10    Str: 22    XL:     6   Next: 55%
Magic:  6/6        EV:  8    Int:  7    God:    Trog [***...]
Gold:   1271       SH:  0    Dex: 10    Spells: 5/5 levels left

rFire   + . .        h - +0 battleaxe (heavy)
rCold   . . .        (shield currently unavailable)
rNeg    . . .        i - +0 chain mail
rPois   .            q - +1 hat
rElec   .            (no cloak)
rCorr   .            (no gloves)
SInv    .            (no boots)
Will    .....        (no amulet) Stlth
                     n - ring of protection from fire
HPRegen 0.29/turn    (no ring)
MPRegen 0.10/turn

%: no passive effects
@: about to teleport, on berserk cooldown, slowed, very slow
A: no striking features
a: Renounce Religion, Berserk, Trog's Hand


You were on level 4 of the Dungeon.
You worshipped Trog.
Trog was most pleased with you.
You visited 1 branch of the dungeon, and saw 4 of its levels.
You also visited: Ossuary.

You collected 1271 gold pieces.

Inventory:

Hand Weapons
 a - a +0 hand axe
 h - a +0 heavy battleaxe (weapon)
 w - a +0 arbalest
Missiles
 b - 3 javelins (quivered)
 e - 37 stones
Armour
 i - a +0 chain mail (worn)
 q - a +1 hat (worn)
Jewellery
 n - a ring of protection from fire (left hand)
Scrolls
 d - 2 scrolls of fear
 f - 2 scrolls of teleportation
 k - 2 scrolls of amnesia
 m - a scroll of revelation
 p - a scroll of blinking
Potions
 c - a potion of magic {unknown}
 j - a potion of cancellation {unknown}
 l - 3 potions of curing {unknown}
 o - a potion of haste {unknown}
 s - 2 potions of brilliance {unknown}
 t - a potion of heal wounds {unknown}
 u - 2 potions of attraction {unknown}


   Skills:
 + Level 5.0 Fighting
 * Level 7.7 Axes
 + Level 3.1 Armour
 + Level 2.0 Dodging


You had 5 spell levels left.
You didn't know any spells.
Your spell library was empty.

Dungeon Overview and Level Annotations

Branches:
Dungeon (4/15)            Ossuary (visited)
 Temple: D:4-7

Altars:
Dithmenos
Elyvilon
Yredelemnul

Shops:
D:3 (

Annotations:
D:4 Pikel


Message History

You feel yourself slow down. The lemure misses you.
You slice the lemure!!
You kill the lemure!
That felt strangely unrewarding.
Pikel hits you but does no damage. Pikel closely misses you.
You closely miss Pikel.
Pikel hits you with a +0 whip of flaming.
Pikel hits you but does no damage.
Pikel hits you with a +0 whip of flaming!
Pikel burns you.
You barely miss Pikel.
Pikel hits you with a +0 whip of flaming.
Pikel hits you but does no damage.
Pikel hits you with a +0 whip of flaming.
Pikel burns you.
You closely miss Pikel.
Pikel hits you with a +0 whip of flaming. x2
Pikel burns you.
Pikel hits you with a +0 whip of flaming.
You hit Pikel.
Pikel is lightly wounded.
Pikel barely misses you. Pikel hits you but does no damage.
Pikel hits you with a +0 whip of flaming.
Pikel burns you.
You closely miss Pikel. Pikel hits you but does no damage. x3
You barely miss Pikel. Pikel closely misses you. Pikel barely misses you.
Pikel hits you with a +0 whip of flaming.
Pikel burns you.
You hit Pikel.
Pikel is lightly wounded.
Pikel hits you but does no damage. x2
Pikel hits you with a +0 whip of flaming!
* * * LOW HITPOINT WARNING * * *
Pikel burns you.
* * * LOW HITPOINT WARNING * * *
As you read the scroll of teleportation, it crumbles to dust.
You feel strangely unstable.
Pikel hits you with a +0 whip of flaming!
You die...
Pikel says, "Another soul for the market."

######## #.......
#.......
#######..#####
##........#....
######..######.#..##
#5K@...## #.#....
....5g###### #.#..##
.#..J ##.#.... ###
#..##### #.......
#..##### ##.## #..#
##.#


You could see Pikel, 2 lemures, an endoplasm and a goblin.

Vanquished Creatures
  A lemure (D:4)
  2 water moccasin zombies (Ossuary)
  2 sleepcaps (D:3)
  An iguana (D:3)
  2 mummies (Ossuary)
  2 adders (D:3)
  4 adder zombies (Ossuary)
  3 dart slugs
  4 bats
  9 endoplasms
  6 giant cockroaches
  4 gnoll zombies (Ossuary)
  6 goblins
  10 hobgoblins
  7 kobolds
  8 ball pythons
  3 frilled lizards
  2 goblin zombies (D:4)
  6 hobgoblin zombies (Ossuary)
  3 kobold zombies (Ossuary)
  4 orc zombies (Ossuary)
  4 rats
93 creatures vanquished.

Notes
Turn   | Place    | Note
-------+----------+-------------------------------------------
     0 | D:1      | Mickster the Hill Orc Berserker began the quest for the
                  | Orb.
     0 | D:1      | Reached XP level 1. HP: 19/19 MP: 1/1
    93 | D:1      | Reached XP level 2. HP: 26/27 MP: 2/2
   471 | D:1      | Reached XP level 3. HP: 33/33 MP: 3/3
   524 | D:1      | Reached ** piety under Trog
  1124 | D:2      | Reached skill level 5 in Axes
  1224 | D:2      | Found a basalt altar of Yredelemnul.
  1511 | D:2      | Identified a scroll of acquirement
  1513 | D:2      | Acquired a +0 heavy battleaxe
  1723 | D:3      | Reached XP level 4. HP: 39/41 MP: 4/4
  1843 | D:3      | Found a faded altar of an unknown god.
  2089 | D:3      | Found Paumemeth's Antique Weapon Emporium.
  2131 | D:3      | Found a white marble altar of Elyvilon.
  2136 | D:3      | Found a shadowy altar of Dithmenos.
  2260 | D:3      | Reached skill level 6 in Axes
  2260 | D:3      | Reached XP level 5. HP: 47/47 MP: 5/5
  2367 | D:4      | Found a sand-covered staircase.
  2386 | Ossuary  | Entered an ossuary
  2421 | Ossuary  | Reached skill level 7 in Axes
  2421 | Ossuary  | Reached XP level 6. HP: 54/55 MP: 6/6
  2432 | Ossuary  | Reached *** piety under Trog
  2447 | Ossuary  | Reached skill level 5 in Fighting
  2560 | Ossuary  | Acquired 1177 gold pieces
  2601 | D:4      | Noticed Pikel
  2620 | D:4      | Slain by Pikel

Illustrated notes

Levels and vault maps discovered:
D:1:      dpeg_arrival_rhombus, layout_basic
D:2:      layout_basic, basic_altar, lightli_corner_chamber
D:3:      layout_rooms, minitemple, serial_shops, nicolae_square_shop,
          chequers_ecumenical_altar_grove, hellmonk_no_cap
D:4:      layout_rooms, enter_ossuary_4, uniq_crazy_yiuf_cottage, uniq_pikel,
          uniq_duvessa

Skill      XL: |  1  2  3  4  5  6 |
---------------+-------------------+-----
Fighting       | 4 5 |  5.0
Axes           | 5 6 7 |  7.7
Dodging        | 2 |  2.0
Armour         | 3 |  3.1

Action                     |  1- 3 |  4- 6 || total
---------------------------+-------+-------++-------
  Melee: Hand axe          |   128 |       ||   128
         Battleaxe         |     4 |    93 ||    97
         Punch             |     1 |       ||     1
 Invoke: Berserk           |       |     3 ||     3
    Use: Scroll            |     5 |     6 ||    11
 Armour: Scale mail        |    35 |       ||    35
         Chain mail        |    26 |    75 ||   101
  Dodge: Dodged            |    84 |    48 ||   132

Table legend: (Time is in decaauts)
 A = Elapsed time spent in this place.
 B = Non-inter-level travel time spent in this place.
 C = Inter-level travel time spent in this place.
 D = Time resting spent in this place.
 E = Time spent auto-exploring this place.
 F = Levels seen in this place.
 G = Mean time per level.
                   A        B        C        D        E       F      G
               +--------+--------+--------+--------+--------+-----+--------+
         Total |   2741 |   2710 |     31 |      0 |   1486 |   5 |  548.2 |
       Dungeon |   2505 |   2474 |     31 |      0 |   1486 |   4 |  626.2 |
       Ossuary |    236 |    236 |      0 |      0 |      0 |   1 |  236.0 |
               +--------+--------+--------+--------+--------+-----+--------+

Top non-repeatable levels by time:
     D:2: 1111 daAuts
     D:1: 613 daAuts
     D:3: 613 daAuts
 Ossuary: 236 daAuts
     D:4: 167 daAuts
